Map: Lerilak Crest

Players

Javert

  • Race: Zerg Zerg
  • League: Grandmaster

squiggle - Winner!

  • Race: Zerg Zerg
  • League: Bronze

VOD

Have the link to the VOD?

Description

Time

  • Played on: Sept. 20, 2015, 11:36 p.m.
  • Length: 7:48
Show
View Real Time Build Order
Export as new Build Order

Javert Zerg 

Build Orders: Pool First 

Get SALT Encoding   

  12  0:01  Drone  
  13  0:14  Overlord  
  13  0:27  Drone  
  14  0:38  Drone x2  
  16  0:45  Spawning Pool  
  16  0:48  Drone  
  16  0:57  Drone  
  17  1:16  Hatchery  
  16  1:19  Drone  
  18  1:25  Drone  
  18  1:33  Extractor  
  18  1:38  Roach Warren  
  16  1:46  Queen  
  18  1:50  Drone  
  19  2:00  Drone x2  
  21  2:29  Roach x3  
  27  2:32  Overlord  
  27  2:49  Queen x2  
  31  2:57  Drone x4  
  31  2:58  Drone  
  36  3:06  Overlord  
  36  3:31  Hatchery  
  35  3:37  Drone x4  
  35  3:38  Drone  
  40  3:47  Roach x2  
  44  3:55  Overlord  
  44  3:56  Overlord  
  44  4:07  Overlord  
  45  4:17  Drone x8  
  45  4:18  Drone  
  45  4:24  Overlord  
  53  4:29  Drone  
  53  4:30  Drone  
  55  4:36  Evolution Chamber  
  55  4:37  Evolution Chamber  
  53  4:39  Ravager x4  
  57  4:58  Drone  
  57  4:59  Drone x10  
  68  5:01  Extractor  
  68  5:06  Extractor  
  66  5:07  Extractor  
  65  5:26  Lair  
  65  5:31  Extractor  
  65  5:35  Extractor  
  63  5:44  Overlord x4  
  63  5:58  Drone x2  
  63  5:59  Drone x16  
  81  6:11  Overlord  
  81  6:20  Queen  
  83  6:27  Glial Reconstitution  
  83  6:34  Roach  
  83  6:35  Roach x9  
  103  6:48  Roach x7  
  115  7:08  Roach x3  
  121  7:10  Overlord x2  
  121  7:15  Overlord x2  
Show
View Real Time Build Order
Export as new Build Order

squiggle Zerg - Winner!

Build Orders: Hatch First 

Get SALT Encoding   

  12  0:01  Drone  
  13  0:13  Overlord  
  13  0:17  Drone  
  14  0:33  Drone x2  
  16  0:38  Drone  
  17  0:55  Hatchery  
  16  1:00  Drone x2  
  18  1:14  Spawning Pool  
  17  1:23  Drone x2  
  19  1:27  Extractor  
  19  1:31  Drone  
  19  1:45  Overlord  
  19  2:01  Queen  
  19  2:04  Zergling x4  
  23  2:11  Queen  
  23  2:12  Drone x2  
  27  2:21  Drone  
  28  2:26  Drone  
  29  2:30  Drone  
  29  2:34  Drone  
  31  2:42  Drone  
  32  2:49  Drone  
  32  2:59  Spine Crawler  
  32  3:02  Spine Crawler  
  30  3:10  Spine Crawler  
  30  3:11  Drone x2  
  30  3:12  Drone x2  
  33  3:15  Overlord  
  33  3:24  Roach Warren  
  32  3:31  Drone x2  
  32  3:32  Drone x2  
  36  3:34  Drone  
  36  3:35  Drone x4  
  41  3:59  Drone x2  
  41  4:00  Drone  
  44  4:03  Extractor  
  44  4:04  Extractor  
  44  4:07  Lair  
  42  4:26  Roach  
  42  4:28  Overlord x2  
  43  4:53  Roach x3  
  43  4:54  Roach x5  
  43  4:59  Overlord  
  59  5:00  Overlord  
  59  5:06  Glial Reconstitution  
  59  5:12  Overlord  
  59  5:21  Extractor  
  59  5:23  Drone  
  59  5:24  Drone, Overlord  
  59  5:26  Ravager x3  
  59  5:27  Ravager  
  64  5:29  Ravager  
  64  5:34  Overlord x4  
  64  5:35  Overlord  
  65  5:49  Roach  
  67  5:57  Roach x3  
  67  5:58  Roach x6  
  67  5:59  Roach  
  67  6:01  Roach  
  67  6:03  Roach  
  91  6:14  Zergling x4  
  93  6:25  Zergling x12  
  94  6:26  Zergling x4  
  101  6:34  Overlord  
  96  6:52  Ravager x2  
  98  7:06  Zergling x2  
  98  7:07  Zergling x18  
  108  7:09  Overlord  
  108  7:21  Overlord  
Tags
 
Add a new tag
Caveats
  • Supply blocks, unpowered buildings, or Contaminate may cause inaccurate times.
  • Supply counts are checked every 10 seconds.